 Dungeon Crawl Stone Soup version 0.31.0-32-g396128a36d (webtiles) character file.

Game seed: 6180700553687841697

3654 DoomSlayer the Chopper (level 10, -6/112 HPs)
             Began as a Human Berserker on Apr 1, 2024.
             Was an Elder of Trog.
             Mangled by Gastronok (28 damage)
             ... on level 8 of the Dungeon.
             The game lasted 00:19:58 (7093 turns).

DoomSlayer the Chopper (Human Berserker)            Turns: 7093, Time: 00:19:58

Health: -6/112     AC: 11    Str: 26    XL:     10   Next: 12%
Magic:  10/10      EV: 13    Int:  9    God:    Trog [****..]
Gold:   54         SH:  6    Dex: 16    Spells: 9/9 levels left

rFire   . . .        x - +9 hand axe of Discretion {flame, Str+3}
rCold   + . .        u - +1 buckler
rNeg    . . .        c - +2 ring mail
rPois   .            (no helmet)
rElec   .            m - +2 cloak of Failure {Str+6}
rCorr   .            (no gloves)
SInv    .            (no boots)
Will    .....        E - amulet of the acrobat Stlth
                     e - ring of protection from cold
HPRegen 0.38/turn    (no ring)
MPRegen 0.12/turn

%: acrobat
@: berserking, weak-willed, very quick
A: explore regen
a: Renounce Religion, Berserk, Trog's Hand, Brothers in Arms


You were on level 8 of the Dungeon.
You worshipped Trog.
Trog was greatly pleased with you.
You visited 1 branch of the dungeon, and saw 8 of its levels.

You collected 510 gold pieces.
You spent 456 gold pieces at shops.

Inventory:

Hand Weapons
 a - a +0 hand axe
 v - a +5 battleaxe of freezing
 x - the +9 hand axe of Discretion (weapon) {flame, Str+3}
   (You found it on level 4 of the Dungeon)

   Str+3:     It affects your strength (+3).
Missiles
 g - 2 throwing nets
 q - 2 boomerangs (quivered)
Armour
 c - a +2 ring mail (worn)
 m - the +2 cloak of Failure (worn) {Str+6}
   (You acquired it on level 2 of the Dungeon)

   Str+6:     It affects your strength (+6).
 u - a +1 buckler (worn)
Jewellery
 e - a ring of protection from cold (left hand)
 E - an amulet of the acrobat (around neck)
Talismans
 f - a maw talisman
Wands
 s - a wand of digging (1)
 y - a wand of paralysis (7)
 C - a wand of polymorph (12)
 F - a wand of mindburst (10)
Scrolls
 j - 5 scrolls of teleportation
 n - 3 scrolls of poison
 p - 2 scrolls of fear
 w - 2 scrolls of amnesia
 B - a scroll of enchant weapon
 H - 2 scrolls of revelation
 I - a scroll of blinking
Potions
 b - a potion of degeneration {unknown}
 d - 2 potions of haste
 h - 2 potions of attraction
 i - 2 potions of invisibility
 k - a potion of might {unknown}
 l - a potion of ambrosia {unknown}
 o - 2 potions of magic
 r - 2 potions of enlightenment {unknown}
 t - a potion of lignification {unknown}
 z - a potion of cancellation {unknown}
 A - a potion of mutation {unknown}
 D - 3 potions of curing {unknown}
 K - a potion of heal wounds


   Skills:
 * Level 5.6 Fighting
 * Level 7.7 Axes
 * Level 4.6 Throwing
 * Level 5.7 Armour
 * Level 4.6 Dodging
 * Level 4.5 Stealth
 * Level 2.4 Shields
 * Level 3.3 Evocations
 * Level 3.5 Shapeshifting


You had 9 spell levels left.
You didn't know any spells.
Your spell library was empty.

Dungeon Overview and Level Annotations

Branches:
Dungeon (8/15)             Temple (0/1) D:4
   Lair: D:8-11

Altars:
Cheibriados
Vehumet
The Shining One

Shops:
D:7 ?

Annotations:
D:8 Gastronok


Innate Abilities, Weirdness & Mutations

You regain HP and MP as you explore.


Message History

Press: ? - help, Shift-Dir - straight line, f/p - Gastronok
Aim: Gastronok, wearing a +2 hat of intelligence (lightly wounded, covering ground quickly, weak-willed, will become a rockslime, an iron giant, or a titan, chance to affect: 39%)
Okay, then.
Aiming: Paralyse
Press: ? - help, Shift-Dir - straight line, f/p - Gastronok
Aim: Gastronok, wearing a +2 hat of intelligence (lightly wounded, covering ground quickly, weak-willed, chance to affect: 39%) Gastronok resists with some effort.
Things that are here:
a +1 falchion of freezing; a +0 robe A red film seems to cover your vision as you go berserk!
You feel yourself moving faster!
You feel mighty!
You slash Gastronok! You burn Gastronok!
Gastronok is moderately wounded.
Gastronok bites you!
You slash Gastronok! You burn Gastronok.
Gastronok is moderately wounded.
You hit Gastronok. You burn Gastronok.
Gastronok is moderately wounded.
Gastronok waves his eye-stalks in wide circles.
The air twists around and strikes you!!
* * * LOW HITPOINT WARNING * * *
You hit Gastronok. You burn Gastronok.
Gastronok is heavily wounded.
You slash Gastronok! You burn Gastronok.
Gastronok is heavily wounded.
You slice Gastronok!! You burn Gastronok!
Gastronok is severely wounded.
Gastronok bites you!
* * * LOW HITPOINT WARNING * * *
You hit Gastronok. You burn Gastronok.
Gastronok is severely wounded.
You slash Gastronok! You burn Gastronok.
Gastronok is severely wounded.
You slash Gastronok! You burn Gastronok.
Gastronok is almost dead.
You hit Gastronok. You burn Gastronok.
Gastronok is almost dead.
Gastronok bites you!!
You die...
Gastronok gurgles, "Let's see if you taste as good as that wizard did."

<.....##....#
............## #.
........##..### ...
#.....#.....##....
#....<........... .
#................
....#.#....#.........
...........#<.##.....
....#..#...w@........
... ##.######........
.. .. #.....##.. .
#.z..........#
#w...............
......##...#.##..
.z.... #...### . .##
...## ....


You could see Gastronok (swift, weak-willed).

Vanquished Creatures
  The ghost of Tripartite the Spear-Bearer, a novice MfDe (D:6)
  2 steam dragons
  2 water moccasins
  An ice beast (D:6)
  An orc warrior (D:7)
  A sky beast (D:6)
  A black bear (D:6)
  2 ogres (D:5)
  2 centaurs
  2 phantoms
  3 bullfrogs
  A gnoll sergeant (D:7)
  13 wights
  A killer bee (D:5)
  An electric eel (D:6)
  A jelly (D:6)
  2 howler monkeys (D:7)
  A bombardier beetle (D:6)
  2 hounds (D:4)
  An orc priest (D:6)
  A gnoll bouda (D:6)
  4 iguanas
  4 orc wizards
  3 sleepcaps
  Natasha (D:3)
  11 gnolls
  4 adders
  2 white imps
  2 ufetubi (D:7)
  The ghost of Tripartite the Sneak, a weakling MfDe (D:6)
  15 dart slugs
  6 ribbon worms
  17 orcs
  9 bats
  5 endoplasms
  5 giant cockroaches
  11 goblins
  7 hobgoblins
  5 jackals
  4 quokkas
  8 ball pythons
  3 frilled lizards
  10 kobolds
  3 rats
182 creatures vanquished.

Vanquished Creatures (others)
  A shadow imp (D:6)
  An orc (D:6)
2 creatures vanquished.

Grand Total: 184 creatures vanquished

Notes
Turn   | Place    | Note
-------+----------+-------------------------------------------
     0 | D:1      | DoomSlayer the Human Berserker began the quest for the Orb.
     0 | D:1      | Reached XP level 1. HP: 18/18 MP: 1/1
    89 | D:1      | Reached XP level 2. HP: 21/24 MP: 2/2
   249 | D:1      | Reached XP level 3. HP: 24/29 MP: 3/3
   304 | D:1      | Reached ** piety under Trog
   332 | D:1      | Reached skill level 1 in Stealth
   547 | D:1      | Found a faded altar of an unknown god.
  1154 | D:2      | Reached XP level 4. HP: 24/35 MP: 4/4
  1541 | D:2      | Identified a scroll of acquirement
  1541 | D:2      | Acquired the +2 cloak of Failure {Str+6}
  2242 | D:3      | Noticed Natasha
  2248 | D:3      | Killed Natasha
  2249 | D:3      | Reached skill level 4 in Axes
  2249 | D:3      | Reached XP level 5. HP: 42/42 MP: 5/5
  2795 | D:4      | Noticed a centaur
  2805 | D:4      | Killed a centaur
  2806 | D:4      | Reached skill level 1 in Shapeshifting
  2806 | D:4      | Reached XP level 6. HP: 48/48 MP: 6/6
  2889 | D:4      | Reached *** piety under Trog
  2993 | D:4      | Reached skill level 1 in Throwing
  3008 | D:4      | Reached XP level 7. HP: 24/50 MP: 7/7
  3022 | D:4      | Reached skill level 5 in Axes
  3170 | D:4      | Found a staircase to the Ecumenical Temple.
  3230 | D:4      | Found a snail-covered altar of Cheibriados.
  3253 | D:4      | Found a glowing golden altar of the Shining One.
  3371 | D:4      | Identified the +9 hand axe of Discretion {flame, Str+3}
  3643 | D:5      | Entered Level 5 of the Dungeon
  3675 | D:5      | Reached skill level 1 in Evocations
  3968 | D:5      | Reached XP level 8. HP: 27/61 MP: 8/8
  4831 | D:6      | Reached skill level 6 in Axes
  4836 | D:6      | Found a radiant altar of Vehumet.
  4881 | D:6      | Reached **** piety under Trog
  5036 | D:6      | Reached skill level 5 in Armour
  5036 | D:6      | Reached XP level 9. HP: 62/67 MP: 9/9
  5237 | D:6      | Reached skill level 1 in Shields
  5244 | D:6      | Reached skill level 5 in Fighting
  5513 | D:6      | Found a runed translucent gate.
  5513 | D:6      | Found a runed translucent gate.
  5513 | D:6      | Found a runed translucent gate.
  5514 | D:6      | Noticed Tripartite's ghost (novice MfDe)
  5516 | D:6      | Noticed Tripartite's ghost (weakling MfDe)
  5526 | D:6      | Killed Tripartite's ghost
  5532 | D:6      | Killed Tripartite's ghost
  5613 | D:6      | Reached skill level 7 in Axes
  6381 | D:7      | Reached XP level 10. HP: 70/74 MP: 10/10
  6813 | D:7      | Found Zidops's Magic Scroll Emporium.
  6816 | D:7      | Bought a scroll of identify for 30 gold pieces
  6816 | D:7      | Bought a scroll of teleportation for 45 gold pieces
  6816 | D:7      | Bought a scroll of revelation for 112 gold pieces
  6816 | D:7      | Bought a scroll of revelation for 112 gold pieces
  6816 | D:7      | Bought a scroll of teleportation for 45 gold pieces
  6816 | D:7      | Bought a scroll of blinking for 112 gold pieces
  7059 | D:8      | Noticed Gastronok
  7093 | D:8      | Mangled by Gastronok

Illustrated notes

Levels and vault maps discovered:
D:1:      minmay_arrival_stair_chambers, layout_basic,
          shapermc_ecumenical_altar_acropolis
D:2:      minmay_inner_zag, layout_loops_ring, fountainhead, minmay_pentomino_p2
D:3:      layout_loops_cross, ebering_dispersal_statue_hall, uniq_natasha
D:4:      layout_basic, mainiacjoe_overflow_concentric_impassable,
          mainiacjoe_overflow_six_doors_small, minmay_temple_entry_fiery,
          minmay_misc_feat_more_columns
D:5:      layout_cave_pools, kennysheep_minor_cross, minmay_crossroads
D:6:      kennysheep_slugbush, layout_gridville, lemuel_crystal_altar,
          gammafunk_ghost_cemetery
D:7:      layout_loops_corners, serial_shops, nicolae_shop_real_fake_doors
D:8:      layout_cave_pools, nicolae_ru_path_of_blood, uniq_grum,
          uniq_gastronok, uniq_pikel

Skill      XL: |  1  2  3  4  5  6  7  8  9 |
---------------+----------------------------+-----
Stealth        | 1 2 3 4 |  4.5
Axes           | 4 5 6 7 |  7.7
Armour         | 3 4 5 |  5.7
Shapeshifting  | 1 2 3 |  3.5
Fighting       | 4 5 |  5.6
Throwing       | 1 2 3 4 |  4.6
Dodging        | 3 4 |  4.6
Evocations     | 1 2 3 |  3.3
Shields        | 2 |  2.4

Action                     |  1- 3 |  4- 6 |  7- 9 | 10-12 || total
---------------------------+-------+-------+-------+-------++-------
  Melee: Hand axe          |   136 |   123 |   170 |    32 ||   461
         Punch             |       |     1 |     2 |       ||     3
         Battleaxe         |       |       |    11 |       ||    11
  Throw: Boomerang         |       |    12 |    71 |    14 ||    97
 Invoke: Berserk           |     1 |     5 |     4 |     2 ||    12
  Evoke: Wand              |       |       |       |     2 ||     2
    Use: Scroll            |     7 |     6 |     6 |     3 ||    22
         Potion            |     1 |       |     1 |       ||     2
   Stab: Sleeping          |       |       |     1 |       ||     1
 Armour: Ring mail         |   129 |    85 |   173 |    18 ||   405
         Animal skin       |     3 |       |       |       ||     3
         Skin              |     1 |       |       |       ||     1
  Dodge: Dodged            |   110 |   105 |   148 |    19 ||   382
  Block: Buckler           |       |       |    22 |    10 ||    32
